 Dungeon Crawl Stone Soup version 0.28-a0-779-g3d1f99b579 (webtiles) character file.

Game seed: 16740244908594741460

16362 funkygono the Arsonist (level 12, -7/60 HPs)
             Began as a Gargoyle Fire Elementalist on Nov 2, 2021.
             Was a Priest of Vehumet.
             Mangled by a death yak (11 damage)
             ... on level 3 of the Lair of Beasts.
             The game lasted 00:30:53 (15170 turns).

funkygono the Arsonist (GrFE)                      Turns: 15170, Time: 00:30:53

Health: -7/60      AC: 37    Str: 11    XL:     12   Next: 36%
Magic:  21/27      EV: 11    Int: 22    God:    Vehumet [***...]
Gold:   1986       SH:  0    Dex: 10    Spells: 23/34 levels left

rFire   . . .      SeeInvis .   N - +4 flail (protect)
rCold   . . .      Faith    .   (no shield)
rNeg    + . .      Spirit   .   L - +1 acid dragon scales
rPois   ∞          Reflect  .   b - +2 helmet
rElec   +          Harm     .   m - +1 cloak
rCorr   +          Rampage  ∞   (no gloves)
Will    .....                   a - +3 pair of seven-league boots {Rampage+∞}
Stlth   +.........              w - amulet of regeneration
HPRegen 1.20/turn               d - +4 ring of protection
MPRegen 0.20/turn               v - ring of resist corrosion

@: under a protective aura
A: sickness immunity, AC +8, negative energy resistance 1, electricity
resistance, torment resistance 1, petrification resistance
a: Renounce Religion


You were on level 3 of the Lair of Beasts.
You worshipped Vehumet.
Vehumet was most pleased with you.
You visited 3 branches of the dungeon, and saw 14 of its levels.
You also visited: Ossuary.

You collected 2056 gold pieces.
You spent 70 gold pieces at shops.

Inventory:

Hand Weapons
 H - a +5 morningstar
 N - a +4 flail of protection (weapon)
Armour
 a - the +3 pair of seven-league boots (worn) {Rampage+∞}
   (You found it on level 2 of the Lair of Beasts)

   Its wearer moves as far as possible in that direction when moving towards
   enemies.
 b - a +2 helmet (worn)
 e - a +0 buckler
 f - a +2 pair of boots of flying
 m - a +1 cloak (worn)
 L - +1 acid dragon scales (worn)
Magical Staves
 y - a staff of death
Jewellery
 d - a +4 ring of protection (left hand)
 k - an amulet of magic regeneration
 n - a ring of wizardry
 v - a ring of resist corrosion (right hand)
 w - an amulet of regeneration (around neck)
 z - a ring of protection from cold
 O - a ring of ice
Wands
 c - a wand of mindburst (8)
 h - a wand of flame (13)
 p - a wand of charming (5)
 F - a wand of paralysis (3)
 I - a wand of digging (7)
 J - a wand of iceblast (26)
Scrolls
 o - 9 scrolls of teleportation
 q - 2 scrolls of identify
 s - 3 scrolls of amnesia
 A - 2 scrolls of summoning
 C - 4 scrolls of magic mapping
 M - 2 scrolls of fog
 R - a scroll of fear
Potions
 g - a potion of cancellation
 i - a potion of berserk rage
 j - 2 potions of haste
 l - 2 potions of might {unknown}
 r - 2 potions of brilliance
 t - 2 potions of flight {unknown}
 u - 7 potions of curing
 B - a potion of heal wounds
 D - a potion of resistance {unknown}
 K - a potion of degeneration {unknown}


   Skills:
 + Level 1.0 Fighting
 + Level 0.4 Maces & Flails
 * Level 4.8 Armour
 + Level 3.2 Dodging
 - Level 2.1 Stealth
 * Level 11.6 Spellcasting
 * Level 9.5 Conjurations
 * Level 12.0 Fire Magic


You had 23 spell levels left.
You knew the following spells:

 Your Spells              Type           Power      Damage    Failure   Level
a - Foxfire               Conj/Fire      100%       2x1d9     1%          1
b - Scorch                Fire           100%       2d10      1%          2
c - Conjure Flame         Conj/Fire      57%        6-21      1%          3
d - Flame Wave            Conj/Fire      57%        3d10      1%          4
e - Shock                 Conj/Air       100%       1d9       1%          1

Your spell library contained the following spells:

 Spells                   Type           Power      Damage    Failure   Level
 Airstrike                Air            6%         N/A       19%         4
 Magic Dart               Conj           100%       1d8       1%          1
 Ignite Poison            Fire/Tmut/Pois 30%        N/A       1%          3
 Inner Flame              Hex/Fire       39%        N/A       1%          3
 Mephitic Cloud           Conj/Pois/Air  26%        N/A       1%          3
 Sticky Flame             Conj/Fire      57%        2d7       1%          4
 Call Imp                 Summ           12%        N/A       12%         2
 Call Canine Familiar     Summ           12%        N/A       22%         3
 Portal Projectile        Hex/Tloc       24%        N/A       22%         3
 Leda's Liquefaction      Hex/Erth       6%         N/A       58%         4


Dungeon Overview and Level Annotations

Branches:
Dungeon (10/15)            Temple (1/1) D:6            Lair (2/6) D:10
 Spider (0/4) Lair:2      Ossuary (visited)
  Swamp: Lair:2-4    Shoals: Lair:2-4       Orc: D:9-12

Altars:
Ashenzari
Cheibriados
Dithmenos
Elyvilon
Fedhas
Gozag
Hepliaklqana
Kikubaaqudgha
Makhleb
Nemelex Xobeh
Okawaru
Qazlal
Ru
Sif Muna
Trog
Uskayaw
Vehumet
Wu Jian
Xom
Yredelemnul
Zin
The Shining One

Shops:
D:5 *   D:6 !(!   D:7 (

Annotations:
D:4 2 transporters, Zgarb's ghost, weakling OpDe
D:10 2 transporters, dolan1234's ghost, journeyman DrFE


Innate Abilities, Weirdness & Mutations

You are immune to sickness and miasma.
Your stone body is resilient. (AC +8)
You are immune to poison.
You resist negative energy. (rN+)
You are resistant to electric shocks. (rElec)
You are resistant to unholy torment.
You are immune to petrification.


Message History

The flame wave engulfs the death yak.
The death yak is lightly wounded.
The flame wave engulfs the death yak!
The death yak is lightly wounded.
The flame wave engulfs the death yak but does no damage.
The death yak is lightly wounded. (Press . to intensify the flame waves.)
The death yak gores you.
* * * LOW HITPOINT WARNING * * *
The death yak gores you but does no damage. x3
A wave of flame ripples out!
The flame wave engulfs the death yak!
The death yak is moderately wounded.
The flame wave engulfs the death yak!!
The death yak is moderately wounded.
The flame wave engulfs the death yak!!
The death yak is moderately wounded.
The flame wave engulfs the death yak but does no damage.
The death yak is lightly wounded.
The death yak gores you but does no damage.
The death yak gores you!
* * * LOW HITPOINT WARNING * * *
The death yak gores you but does no damage. x2
A wave of flame ripples out!
The flame wave engulfs the death yak!
The death yak is heavily wounded.
The flame wave engulfs the death yak!
The death yak is heavily wounded.
The flame wave engulfs the death yak!!
The death yak is severely wounded.
The flame wave engulfs the death yak!
The death yak is lightly wounded.
The flame wave engulfs the wolf!!
You kill the wolf!
Vehumet accepts your kill.
The flame wave engulfs the death yak!!
The death yak is moderately wounded.
You finish channelling waves of flame.
The death yak gores you.
* * * LOW HITPOINT WARNING * * *
The death yak gores you but does no damage.
The death yak gores you!
You die...

#..............
#..............
##.............
#P.............
#..............
#............
#...YYY......
#...@Y†.....
#....##..... #
###Y... ... #
.#.#.... # #
##......#.. #
####....######.
# ###....# # ..
#####...##..#
..
#.....#..####


You could see 5 death yaks.

Vanquished Creatures
  A hydra (Lair:2)
  A catoblepas (D:7)
  A cyclops (D:7)
  A black mamba (Lair:1)
  Joseph (D:8)
  3 cane toads
  3 rime drakes
  3 komodo dragons
  2 meliai
  2 hornets
  3 blink frogs (Lair:2)
  A troll (D:10)
  A shadow (D:10)
  A vampire (D:7)
  12 yaks
  Eustachio (D:4)
  2 steam dragons
  A basilisk (Lair:1)
  2 vampire mosquitoes (D:10)
  4 acid dragons
  6 water moccasins
  An orc warrior (D:10)
  2 ice beasts
  A sky beast (D:6)
  5 black bears
  A necrophage (D:4)
  2 ogres
  4 wolves (Lair:3)
  5 centaurs
  3 kobold brigands
  15 bullfrogs
  A wyvern zombie (D:9)
  5 scorpions
  2 water moccasin skeletons
  16 killer bees
  24 wights
  4 howler monkeys
  A centaur zombie (D:9)
  4 jellies
  5 hounds
  3 orc priests
  A gnoll shaman (D:5)
  2 iguanas
  8 orc wizards
  A killer bee zombie (D:7)
  A hound skeleton (D:4)
  12 mummies (Ossuary)
  3 howler monkey zombies
  2 adders (D:5)
  8 gnolls
  2 shadow imps (D:7)
  An ufetubus (D:5)
  A worm (D:2)
  4 dart slugs
  13 orcs
  5 bats
  9 endoplasms
  2 giant cockroaches
  10 goblins
  7 hobgoblins
  6 jackals
  6 quokkas
  3 training dummies (D:7)
  3 ball pythons
  7 frilled lizards
  A gnoll skeleton (Ossuary)
  3 goblin skeletons (Ossuary)
  19 kobolds
  3 kobold skeletons (Ossuary)
  An orc skeleton (Ossuary)
  6 rats
  11 rat skeletons (Ossuary)
317 creatures vanquished.

Vanquished Creatures (collateral kills)
  6 foxfires
6 creatures vanquished.

Vanquished Creatures (others)
  1060 foxfires
  25 fungi
  27 plants
1112 creatures vanquished.

Grand Total: 1435 creatures vanquished

Notes
Turn   | Place    | Note
-------+----------+-------------------------------------------
     0 | D:1      | funkygono the Gargoyle Fire Elementalist began the quest
                  | for the Orb.
     0 | D:1      | Reached XP level 1. HP: 10/10 MP: 3/3
   269 | D:1      | Reached XP level 2. HP: 1/15 MP: 0/5
   545 | D:1      | Learned a level 2 spell: Scorch
   663 | D:1      | Reached XP level 3. HP: 10/19 MP: 0/6
   667 | D:1      | Learned a level 3 spell: Conjure Flame
  1257 | D:1      | Found a faded altar of an unknown god.
  2063 | D:2      | Reached XP level 4. HP: 24/24 MP: 1/8
  2072 | D:2      | Reached skill level 4 in Fire Magic
  3180 | D:3      | Reached XP level 5. HP: 28/28 MP: 6/9
  3272 | D:3      | Found a shadowy altar of Dithmenos.
  3845 | D:3      | Learned a level 4 spell: Flame Wave
  3867 | D:4      | Noticed an ogre
  3877 | D:4      | Killed an ogre
  3878 | D:4      | Reached XP level 6. HP: 32/32 MP: 5/11
  3940 | D:4      | Noticed Eustachio
  3955 | D:4      | Killed Eustachio
  3956 | D:4      | Reached skill level 5 in Fire Magic
  4017 | D:4      | Found a bloodstained altar of Trog.
  4028 | D:4      | Noticed a black bear
  4035 | D:4      | Killed a black bear
  4036 | D:4      | Reached XP level 7. HP: 36/36 MP: 5/13
  4176 | D:4      | Found a sand-covered staircase.
  4189 | Ossuary  | Entered an ossuary
  5040 | D:4      | Reached skill level 5 in Spellcasting
  5160 | D:4      | Noticed Zgarb's ghost (weakling OpDe)
  5176 | D:4      | Found a transporter.
  5190 | D:4      | Reached skill level 6 in Fire Magic
  5481 | D:4      | Reached XP level 8. HP: 41/41 MP: 7/16
  5681 | D:4      | Found a transporter.
  5978 | D:5      | Entered Level 5 of the Dungeon
  6156 | D:5      | Found a basalt altar of Yredelemnul.
  6262 | D:5      | Reached skill level 7 in Fire Magic
  6271 | D:5      | Reached skill level 5 in Conjurations
  6449 | D:5      | Reached XP level 9. HP: 45/45 MP: 11/19
  6756 | D:5      | Found Kango's Lightly-Used Armoury.
  6836 | D:6      | Found Ymnuam's Distillery.
  7017 | D:6      | Reached skill level 8 in Fire Magic
  7062 | D:6      | Found Udime's Antique Weapon Shop.
  7079 | D:6      | Found a blossoming altar of Fedhas.
  7233 | D:6      | Found a sacrificial altar of Ru.
  7360 | D:6      | Found a staircase to the Ecumenical Temple.
  7366 | Temple   | Entered the Ecumenical Temple
  7403 | Temple   | Became a worshipper of Vehumet
  7665 | D:6      | Found Keddiv's Distillery.
  7695 | D:6      | Bought a potion of heal wounds for 70 gold pieces
  7734 | D:6      | Found a hide-covered altar of Uskayaw.
  8202 | D:7      | Found a burning altar of Makhleb.
  8202 | D:7      | Found an opulent altar of Gozag.
  8644 | D:7      | Noticed a hornet
  8651 | D:7      | Killed a hornet
  8652 | D:7      | Reached XP level 10. HP: 50/50 MP: 11/22
  8681 | D:7      | Reached skill level 9 in Fire Magic
  8728 | D:7      | Found Qauph's Firing Range.
  9213 | D:7      | Noticed a catoblepas
  9224 | D:7      | Killed a catoblepas
  9325 | D:7      | Reached * piety under Vehumet
  9325 | D:7      | Offered knowledge of Shock by Vehumet.
  9393 | D:7      | Noticed a cyclops
  9506 | D:7      | Killed a cyclops
  9978 | D:8      | Noticed Joseph
  9998 | D:8      | Killed Joseph
 10034 | D:8      | Reached skill level 10 in Fire Magic
 10304 | D:8      | Found a white marble altar of Elyvilon.
 10969 | D:8      | Learned a level 1 spell: Shock
 11022 | D:9      | Reached skill level 10 in Spellcasting
 11251 | D:9      | Reached XP level 11. HP: 55/55 MP: 17/25
 11255 | D:9      | Offered knowledge of Searing Ray by Vehumet.
 11256 | D:9      | Reached ** piety under Vehumet
 11770 | D:9      | Found a snail-covered altar of Cheibriados.
 11993 | D:10     | Entered Level 10 of the Dungeon
 12085 | D:10     | Found a transporter.
 12094 | D:10     | Noticed a cyan ugly thing
 12095 | D:10     | Noticed dolan1234's ghost (journeyman DrFE)
 12313 | D:10     | Reached skill level 1 in Armour
 12572 | D:10     | Offered knowledge of Poisonous Vapours by Vehumet.
 12688 | D:10     | Found a transporter.
 12702 | D:10     | Reached skill level 11 in Fire Magic
 12856 | D:10     | Found a staircase to the Lair.
 13302 | Lair:1   | Entered Level 1 of the Lair of Beasts
 14170 | Lair:1   | Identified 2 scrolls of acquirement
 14170 | Lair:1   | Acquired 1010 gold pieces
 14171 | Lair:1   | Acquired a +2 pair of boots of flying
 14214 | Lair:2   | Reached *** piety under Vehumet
 14288 | Lair:2   | Found the +3 pair of seven-league boots {Rampage+∞}
 14467 | Lair:2   | Found a hole to the Spider Nest.
 14525 | Lair:2   | Noticed a five-headed hydra
 14543 | Lair:2   | Killed a five-headed hydra
 14754 | Lair:2   | Reached XP level 12. HP: 60/60 MP: 20/27
 14902 | Lair:2   | You fall into a shaft and drop 1 floor!
 14943 | Lair:3   | Reached skill level 1 in Fighting
 15070 | Lair:3   | Offered knowledge of Airstrike by Vehumet.
 15075 | Lair:3   | Reached skill level 12 in Fire Magic
 15160 | Lair:3   | Noticed a death yak
 15166 | Lair:3   | Noticed a death yak
 15166 | Lair:3   | Noticed a death yak
 15167 | Lair:3   | Noticed a death yak
 15167 | Lair:3   | Noticed a death yak
 15170 | Lair:3   | Mangled by a death yak

Illustrated notes

Levels and vault maps discovered:
D:1:      mrwooster_arrival_statue_3, layout_loops_corners,
          dreamdust_ecumenical_altar_hidden_monk_grotto
D:2:      layout_rooms
D:3:      layout_basic, overflow_temple_1_default, serial_bayou_ford_a,
          roderic_filled_cross
D:4:      layout_basic, old_standard_altar, gammafunk_ghost_stat_death,
          enter_ossuary_3, uniq_eustachio
D:5:      layout_basic, mainiacjoe_overflow_small_starburst, minmay_shop_damaged
D:6:      layout_loops_ring, mainiacjoe_overflow_brackets,
          fedhas_bush_and_centaur_altar, nicolae_uskayaw_suspiria,
          minmay_temple_entry_waves, serial_shops, nicolae_stop_n_shop_2,
          shop_coins, nicolae_shop_stone
D:7:      nzn_winding_woodlands_three_and_one
          [nzn_winding_woodlands_5x15_jagged,
          nzn_winding_woodlands_5x15_river_crossing,
          nzn_winding_woodlands_5x15_default,
          nzn_winding_woodlands_center_pierced_h], layout_cave_pools,
          jmf_multi_god_temple, serial_park, serial_park_avenue1,
          serial_park_tiny_2, serial_park_tiny_pond, serial_park_tiny_2,
          chequers_serial_rivers_marsh, nicolae_shop_firing_range
D:8:      layout_basic, kennysheep_little_box, uniq_joseph
D:9:      layout_gridville, amcnicky_altar_gilded,
          chequers_serial_rivers_micro_e
D:10:     layout_irregular_city, grunt_lair_entry_orc_guard_hut,
          gammafunk_ghost_arena, minivault_26, minmay_microvault
Temple:   chequers_temple_sunken
Lair:1:   layout_loops_ring, st_stairs_7, mumra_transporter_accident
Lair:2:   layout_gridlike, dummy_spider_entry
Lair:3:   layout_cave_pods, st_stairs_3, beast_lair_carwin_5, grunt_megastairs_4

Skill      XL: |  1  2  3  4  5  6  7  8  9 10 11 12 |
---------------+-------------------------------------+-----
Fire Magic     | 4 5 6 7 8 10 11 12 | 12.0
Dodging        | 2 3 |  3.2
Spellcasting   | 3 4 5 6 8 10 11 | 11.6
Conjurations   | 2 3 4 5 6 8 9 |  9.5
Armour         | 4 |  4.8
Fighting       | 1 |  1.0
Maces & Flails | |  0.4
Stealth        | |  2.1

Action                   |  1- 3 |  4- 6 |  7- 9 | 10-12 || total
-------------------------+-------+-------+-------+-------++-------
Melee: Unarmed           |     8 |       |       |       ||     8
       Whip              |     4 |    22 |    16 |       ||    42
       Flail             |       |       |       |    41 ||    41
 Cast: Foxfire           |    40 |    77 |   242 |   269 ||   628
       Scorch            |    10 |     9 |    40 |    60 ||   119
       Flame Wave        |       |       |     2 |    33 ||    35
  Use: Scroll            |     2 |     4 |     8 |    11 ||    25
       Potion            |       |       |       |     2 ||     2
Armor: Robe              |     6 |    11 |    23 |    69 ||   109
       Acid dragon scale |       |       |       |    98 ||    98
Dodge: Dodged            |     9 |    12 |    27 |   152 ||   200

Table legend: (Time is in decaauts)
 A = Elapsed time spent in this place.
 B = Non-inter-level travel time spent in this place.
 C = Inter-level travel time spent in this place.
 D = Time resting spent in this place.
 E = Time spent auto-exploring this place.
 F = Levels seen in this place.
 G = Mean time per level.
                   A        B        C        D        E       F      G
               +--------+--------+--------+--------+--------+-----+--------+
         Total |  15246 |  14965 |    281 |   1514 |  10907 |  15 | 1016.4 |
       Dungeon |  12374 |  12150 |    224 |   1260 |   8907 |  10 | 1237.4 |
        Temple |    243 |    211 |     32 |      0 |    194 |   1 |  243.0 |
          Lair |   1875 |   1851 |     24 |     50 |   1489 |   3 |  625.0 |
       Ossuary |    753 |    753 |      0 |    204 |    317 |   1 |  753.0 |
               +--------+--------+--------+--------+--------+-----+--------+

Top non-repeatable levels by time:
     D:1: 1756 daAuts
     D:7: 1747 daAuts
     D:4: 1363 daAuts
    D:10: 1310 daAuts
     D:8: 1212 daAuts
     D:3: 1192 daAuts
     D:6: 1007 daAuts
     D:9: 1002 daAuts
     D:2: 923 daAuts
  Lair:1: 905 daAuts
     D:5: 857 daAuts
 Ossuary: 753 daAuts
  Lair:2: 693 daAuts
  Lair:3: 276 daAuts
  Temple: 243 daAuts
